 Dungeon Crawl Stone Soup version 0.28.0-47-ge53b351184 (webtiles) character file.

Game seed: 11987343537197603289

59329 NinjaNoafa the Fighter (level 14, -6/116 (124) HPs)
             Began as a Hill Orc Monk on May 10, 2022.
             Was the Champion of Ru.
             Mangled by an eight-headed hydra (8 damage)
             ... on level 6 of the Lair of Beasts.
             The game lasted 00:58:16 (28037 turns).

NinjaNoafa the Fighter (Hill Orc Monk)             Turns: 28037, Time: 00:58:19

HP:   -6/116 (124)  AC: 17    Str: 30    XL:     14   Next: 94%
MP:   15/18         EV: 18    Int: 15    God:    Ru [******]
Gold: 1274          SH:  5    Dex: 16    Spells: 18/18 levels left

rFire   . . .      SeeInvis +   e - +7 long sword of True Grit {vamp, Int+4 Dex+2}
rCold   + + +      Faith    .   (shield unavailable)
rNeg    . . .      Spirit   .   S - +1 robe of Efachite {rC+++ Will- Str+10 Stlth-}
rPois   .          Reflect  +   s - +2 hat
rElec   .          Harm     .   Q - +2 cloak
rCorr   .          Rampage  .   w - +2 pair of gloves
Will    .....                   r - +2 pair of boots of Beogh's Esteem {rC+}
Stlth   +++.......              A - amulet of reflection
HPRegen 0.29/turn               (ring unavailable)
MPRegen 0.16/turn               R - ring of the Octopus King {AC+1 EV+1 Str+1 Int+1 Dex+1 SInv}

@: exhausted, on berserk cooldown, slowed, studying Maces & Flails, drained,
very slow
A: missing a hand, hated by all, no ice magic, no necromancy magic, no
transmutations magic, unskilled 1, horns 1
a: Renounce Religion, Draw Out Power, Power Leap, Apocalypse


You were on level 6 of the Lair of Beasts.
You worshipped Ru.
Ru was exalted by your worship.
You visited 3 branches of the dungeon, and saw 20 of its levels.
You also visited: Sewer.

You collected 1740 gold pieces.
You spent 466 gold pieces at shops.

Inventory:

Hand Weapons
 e - the +7 long sword of True Grit (weapon) {vamp, Int+4 Dex+2}
   (You found it in a sewer)

   It occasionally heals its wielder for a portion of the damage dealt when it
   wounds a living foe.
   Int:       It affects your intelligence (+4).
   Dex:       It affects your dexterity (+2).
Missiles
 a - 62 poisoned darts (quivered)
 k - 2 atropa-tipped darts
 t - 4 silver boomerangs
 u - 556 stones
 D - a throwing net
 F - 13 curare-tipped darts
 G - 7 javelins
 L - a boomerang
Armour
 r - the +2 pair of boots of Beogh's Esteem (worn) {rC+}
   (You found it on level 3 of the Dungeon)

   rC:        It protects you from cold.
 s - a +2 hat (worn)
 w - a +2 pair of gloves (worn)
 y - a +0 plate armour
 Q - a +2 cloak (worn)
 S - the +1 robe of Efachite (worn) {rC+++ Will- Str+10 Stlth-}
   (You found it on level 2 of the Lair of Beasts)

   Str:       It affects your strength (+10).
   rC:        It renders you almost immune to cold.
   Will:      It decreases your willpower.
   Stlth:     It makes you less stealthy.
Jewellery
 x - an amulet of guardian spirit
 A - an amulet of reflection (around neck)
 P - a ring of ice
 R - a ring of the Octopus King (right hand) {AC+1 EV+1 Str+1 Int+1 Dex+1 SInv}
   (You found it on level 2 of the Lair of Beasts)

   [ring of see invisible]

   AC:        It affects your AC (+1).
   EV:        It affects your evasion (+1).
   Str:       It affects your strength (+1).
   Int:       It affects your intelligence (+1).
   Dex:       It affects your dexterity (+1).
   SInv:      It lets you see invisible.
Wands
 l - a wand of iceblast (11)
 p - a wand of digging (10)
 K - a wand of flame (5)
 M - a wand of acid (4)
Scrolls
 b - 2 scrolls of torment
 c - 7 scrolls of teleportation
 f - 3 scrolls of magic mapping
 j - 2 scrolls of amnesia
 m - 4 scrolls of immolation
 n - 2 scrolls of vulnerability
 q - 3 scrolls of fear
 C - 3 scrolls of enchant weapon
 J - 6 scrolls of identify
 T - a scroll of holy word
Potions
 d - 2 potions of lignification
 g - 4 potions of brilliance
 h - 2 potions of magic
 i - 3 potions of attraction
 o - a potion of heal wounds
 v - 2 potions of curing
 z - 2 potions of haste
 B - a potion of flight
 N - a potion of berserk rage
 O - 3 potions of might
 U - a potion of cancellation
Miscellaneous
 E - a condenser vane


   Skills:
 + Level 11.1 Fighting
 + Level 10.9 Long Blades
 - Level 4.0 Axes
 - Level 2.7 Throwing
 - Level 10.7 Armour
 + Level 10.1 Dodging
 - Level 7.0 Stealth
 - Level 2.6 Spellcasting
 - Level 9.0 Evocations


You had 18 spell levels left.
You didn't know any spells.
Your spell library contained the following spells:

 Spells                   Type           Power      Damage    Failure   Level
 Apportation              Tloc           4%         N/A       21%         1
 Foxfire                  Conj/Fire      8%         2x1d4     21%         1
 Slow                     Hex            8%         N/A       21%         1
 Blink                    Tloc           4%         N/A       30%         2
 Poisonous Vapours        Pois/Air       4%         N/A       30%         2
 Static Discharge         Conj/Air       2%         N/A       30%         2
 Confusing Touch          Hex            2%         N/A       52%         3
 Conjure Flame            Conj/Fire      2%         6-21      52%         3
 Dazzling Flash           Conj/Hex       4%         N/A       52%         3
 Inner Flame              Hex/Fire       2%         N/A       52%         3
 Lesser Beckoning         Tloc           2%         N/A       52%         3
 Mephitic Cloud           Conj/Pois/Air  2%         N/A       52%         3
 Flame Wave               Conj/Fire      2%         2d4       90%         4
 Fireball                 Conj/Fire      1%         3d3       99%         5
 Iskenderun's Battlesphe  Conj           2%         2d6       99%         5
 Lee's Rapid Deconstruct  Erth           1%         3d5*      99%         5
 Lightning Bolt           Conj/Air       1%         1d12      99%         5
 Manifold Assault         Tloc           2%         N/A       99%         5
 Silence                  Hex/Air        1%         N/A       99%         5
 Conjure Ball Lightning   Conj/Air       1%         3x3d6     100%        6
 Iron Shot                Conj/Erth      1%         9d1       100%        6
 Enfeeble                 Hex            1%         N/A       100%        7
 Orb of Destruction       Conj           1%         9d5       100%        7
 Maxwell's Capacitive Co  Air            1%         ∞         100%        8
 Animate Skeleton         Necr           Unusable   N/A       N/A         1
 Pain                     Necr           Unusable   1d4       N/A         1
 Summon Small Mammal      Summ           Unusable   N/A       N/A         1
 Corpse Rot               Necr/Air       Unusable   N/A       N/A         2
 Passwall                 Tmut/Erth      Unusable   N/A       N/A         2
 Ignite Poison            Fire/Tmut/Pois Unusable   N/A       N/A         3
 Vampiric Draining        Necr           Unusable   2d6       N/A         3
 Agony                    Necr           Unusable   N/A       N/A         5
 Excruciating Wounds      Necr           Unusable   N/A       N/A         5
 Freezing Cloud           Conj/Ice/Air   Unusable   6-21      N/A         5
 Yara's Violent Unravell  Hex/Tmut       Unusable   3d3       N/A         5

Dungeon Overview and Level Annotations

Branches:
Dungeon (13/15)            Temple (1/1) D:4            Lair (6/6) D:11
 Shoals (0/4) Lair:4       Spider (0/4) Lair:2          Orc (0/2) D:12
  Sewer (visited)
  Slime: Lair:5-6    Vaults: D:13-14

Altars:
Ashenzari
Cheibriados
Dithmenos
Elyvilon
Fedhas
Gozag
Hepliaklqana
Kikubaaqudgha
Makhleb
Nemelex Xobeh
Okawaru
Qazlal
Ru
Sif Muna
Trog
Uskayaw
Vehumet
Wu Jian
Xom
Yredelemnul
Zin
The Shining One
Beogh
Jiyva

Shops:
D:12 ?!(

Annotations:
D:12 3 runed translucent doors, turdburglar's ghost, journeyman HOFi
Lair:4 1 runed translucent door, jimbles's ghost, journeyman DrCj
Lair:6 1 runed translucent door


Innate Abilities, Weirdness & Mutations

You are missing a hand.
You are hated by all.
You cannot study or cast Ice magic.
You cannot study or cast Necromancy magic.
You cannot study or cast Transmutations magic.
You are somewhat unskilled. (-1 Apt)
You have a pair of small horns on your head.


Message History

The eight-headed hydra closely misses you.
The eight-headed hydra bites you but does no damage. x2
You block the yak's attack.
The eight-headed hydra closely misses you.
The eight-headed hydra barely misses you.
The eight-headed hydra misses you.
The eight-headed hydra barely misses you.
The eight-headed hydra misses you.
The eight-headed hydra bites you but does no damage. x2
The eight-headed hydra barely misses you.
The eight-headed hydra is stunned by your conviction and fails to attack.
You feel a strong urge to attack something.
The eight-headed hydra bites you.
* * * LOW HITPOINT WARNING * * *
The eight-headed hydra closely misses you.
The eight-headed hydra bites you but does no damage.
The eight-headed hydra closely misses you.
The eight-headed hydra bites you but does no damage.
You block the eight-headed hydra's attack.
The eight-headed hydra completely misses you.
You block the eight-headed hydra's attack.
You see here a hydra corpse.
You feel your anger nearly subside.
You are no longer berserk.
You are exhausted.
You feel yourself slow down.
There is a stone staircase leading up here.
The eight-headed hydra misses you.
The eight-headed hydra bites you but does no damage. x3
The eight-headed hydra bites you!
* * * LOW HITPOINT WARNING * * *
You focus your inner power and slow the eight-headed hydra in retribution!
The eight-headed hydra bites you!
* * * LOW HITPOINT WARNING * * *
The eight-headed hydra closely misses you.
The eight-headed hydra bites you but does no damage.
The eight-headed hydra misses you.
You block the eight-headed hydra's attack.
The eight-headed hydra closely misses you.
The eight-headed hydra bites you!
You die...

#.....##+##......##
........#.J
#...P### ........#.
#.#..# .#......#
#.####
#.......#####.#
.............##
............###
...........##
........@.##
.......DD.#
.....†..YY#
..........##
....#......#
.......[...#
.........###
......#.##
.........


You could see 2 eight-headed hydras and 2 yaks.

Vanquished Creatures
  Azrael (D:13)
  Snorg (D:11)
  Fannar (Lair:3)
  4 hydras
  Harold (D:9)
  A boulder beetle (Lair:5)
  2 centaur warriors
  2 two-headed ogres
  A death knight (D:12)
  The ghost of firemarshallily the Protected, a journeyman DsFi of Hepliaklqana (D:10)
  Urug (D:11)
  A skeletal warrior (D:12)
  An orb spider (Lair:2)
  2 oklob plants
  2 ugly things (D:12)
  2 cyclopes (D:12)
  A manticore (D:12)
  3 elephants (Lair:6)
  A black mamba (Lair:2)
  2 merfolk sirens (Lair:4)
  2 torpor snails
  24 cane toads
  9 komodo dragons
  A rime drake (Lair:6)
  2 freezing wraiths (D:12)
  A kobold demonologist (D:10)
  3 polar bears
  5 trolls
  3 tyrant leeches (Lair:6)
  2 hornets
  20 blink frogs
  15 slime creatures
  Sigmund (D:3)
  A ynoxinul (D:10)
  4 shadows
  A vampire (D:11)
  53 yaks
  4 wraiths
  8 wyverns
  2 basilisks
  5 fire elementals (D:13)
  2 steam dragons
  9 vampire mosquitoes
  17 water moccasins
  2 acid dragons
  2 hell hounds (D:13)
  7 orc warriors
  A sky beast (D:8)
  An ice beast (D:4)
  A swamp drake (Lair:5)
  A hornet zombie (D:5)
  A necrophage (D:6)
  19 wolves
  2 ogres
  9 centaurs
  2 phantoms
  The ghost of warriortoast the Firebug, an amateur DEFE (D:3)
  5 kobold brigands
  14 bullfrogs
  5 scorpions
  A wyvern skeleton (D:7)
  3 wyvern zombies
  A water moccasin skeleton (D:5)
  7 killer bees
  4 howler monkeys
  12 wights
  2 electric eels
  2 centaur zombies
  13 orc priests
  3 hounds (D:5)
  3 iguanas
  A gnoll shaman (D:4)
  A scorpion zombie (D:5)
  Terence (D:3)
  2 centaur skeletons
  Natasha (thrice) (D:3)
  11 orc wizards
  5 gnolls (D:4)
  4 adders
  6 white imps
  An adder skeleton (D:4)
  5 worms
  3 dart slugs
  24 orcs
  6 ball pythons
  3 endoplasms
  3 giant cockroaches
  5 hobgoblins
  8 jackals
  A quokka (D:5)
  8 bats
  3 frilled lizards
  11 goblins
  28 kobolds
  15 rats
  2 bushes (Lair:1)
509 creatures vanquished.

Vanquished Creatures (collateral kills)
  A wight (D:7)
  An orc priest (D:7)
2 creatures vanquished.

Vanquished Creatures (others)
  4 hydras
  A cane toad (Lair:5)
  2 trolls (D:11)
  2 blink frogs
  A phantom (D:7)
  A kobold (D:10)
  A bush (D:11)
  20 fungi
  118 plants
150 creatures vanquished.

Grand Total: 661 creatures vanquished

Notes
Turn   | Place    | Note
-------+----------+-------------------------------------------
     0 | D:1      | NinjaNoafa the Hill Orc Monk began the quest for the Orb.
     0 | D:1      | Reached XP level 1. HP: 19/19 MP: 1/1
   556 | D:1      | Found a faded altar of an unknown god.
   558 | D:1      | Reached skill level 1 in Armour
   560 | D:1      | Reached XP level 2. HP: 27/27 MP: 2/2
  1099 | D:2      | You fall into a shaft and drop 1 floor!
  1180 | D:3      | Reached skill level 4 in Fighting
  1180 | D:3      | Reached XP level 3. HP: 21/33 MP: 3/3
  1327 | D:3      | Found a glowing drain.
  1538 | Sewer    | Entered a sewer
  1603 | Sewer    | Identified the +7 long sword of True Grit {vamp, Int+4
                  | Dex+2}
  1806 | Sewer    | Reached skill level 1 in Long Blades
  2146 | Sewer    | Noticed a kobold brigand
  2169 | Sewer    | Killed a kobold brigand
  2170 | Sewer    | Reached XP level 4. HP: 25/40 MP: 4/4
  2471 | D:3      | Reached XP level 5. HP: 46/46 MP: 5/5
  3288 | D:3      | Noticed Terence
  3291 | D:3      | Killed Terence
  3316 | D:3      | Found a large runed translucent door.
  3317 | D:3      | Found a large runed translucent door.
  3320 | D:3      | Noticed warriortoast's ghost (amateur DEFE)
  3477 | D:3      | Identified the +2 pair of boots of Beogh's Esteem {rC+}
  3543 | D:3      | Noticed Natasha
  3548 | D:3      | Killed Natasha
  3549 | D:3      | Reached skill level 1 in Shields
  3549 | D:3      | Reached XP level 6. HP: 52/52 MP: 6/6
  3634 | D:3      | Noticed Natasha
  3639 | D:3      | Killed Natasha
  3760 | D:3      | Noticed Natasha
  3767 | D:3      | Killed Natasha
  3962 | D:3      | Noticed Sigmund
  3976 | D:3      | Killed Sigmund
  3977 | D:3      | Reached XP level 7. HP: 50/60 MP: 7/7
  4138 | D:3      | Killed warriortoast's ghost
  4259 | D:4      | Reached skill level 5 in Long Blades
  4325 | D:4      | Reached skill level 5 in Fighting
  4938 | D:4      | Found a staircase to the Ecumenical Temple.
  5013 | Temple   | Entered the Ecumenical Temple
  5319 | Temple   | Became a worshipper of Ru the Awakened
  5341 | Temple   | Gained mutation: You are missing a hand. [Ru sacrifice]
  5341 | Temple   | Reached * piety under Ru
  5341 | Temple   | Reached ** piety under Ru
  5341 | Temple   | Reached *** piety under Ru
  5371 | D:5      | Entered Level 5 of the Dungeon
  5375 | D:5      | Reached skill level 5 in Armour
  5577 | D:5      | Reached XP level 8. HP: 53/68 MP: 8/8
  5734 | D:5      | Reached skill level 6 in Fighting
  6530 | D:6      | Reached skill level 7 in Fighting
  6555 | D:6      | Reached XP level 9. HP: 79/79 MP: 9/9
  6674 | D:6      | Identified the -4 helmet "Ivasaps" {rElec rCorr}
  7743 | D:7      | Identified a scroll of acquirement
  7743 | D:7      | Acquired 477 gold pieces
  7760 | D:7      | Reached skill level 8 in Fighting
  8205 | D:7      | Found a flagged portal.
  8205 | D:7      | Noticed a hornet
  8231 | D:7      | Killed a hornet
  8678 | D:8      | Gained mutation: You cannot study or cast Ice magic. [Ru
                  | sacrifice]
  8678 | D:8      | Gained mutation: You cannot study or cast Transmutations
                  | magic. [Ru sacrifice]
  8678 | D:8      | Gained mutation: You cannot study or cast Necromancy magic.
                  | [Ru sacrifice]
  8678 | D:8      | Reached **** piety under Ru
  9242 | D:8      | Reached skill level 9 in Fighting
  9312 | D:8      | Reached XP level 10. HP: 74/91 MP: 4/10
 10007 | D:8      | Reached skill level 5 in Evocations
 10604 | D:7      | Found a roughly hewn altar of Beogh.
 11617 | D:9      | Gained mutation: You are hated by all. [Ru sacrifice]
 11617 | D:9      | Reached ***** piety under Ru
 11815 | D:9      | Noticed Harold
 11841 | D:9      | Reached skill level 10 in Fighting
 11842 | D:9      | Killed Harold
 11843 | D:9      | Reached XP level 11. HP: 85/101 MP: 2/11
 12194 | D:9      | Reached skill level 1 in Spellcasting
 12635 | D:9      | Found a shimmering blue altar of Sif Muna.
 12671 | D:10     | Entered Level 10 of the Dungeon
 12671 | D:10     | Found a runed translucent door.
 12674 | D:10     | Noticed firemarshallily's ghost (journeyman DsFi)
 12708 | D:10     | Paralysed by a hornet for 1 turns
 12780 | D:10     | Noticed a centaur warrior
 12795 | D:10     | Killed a centaur warrior
 13108 | D:10     | Reached skill level 10 in Long Blades
 13108 | D:10     | Reached skill level 10 in Armour
 14735 | D:11     | Reached skill level 11 in Fighting
 14951 | D:11     | Found a staircase to the Lair.
 14976 | D:11     | Gained mutation: You are frail. (-10% HP) [potion of
                  | mutation]
 14976 | D:11     | Lost mutation: You are frail. (-10% HP) [potion of
                  | mutation]
 14976 | D:11     | Gained mutation: You have a pair of small horns on your
                  | head. [potion of mutation]
 15010 | D:11     | Gained mutation: You are somewhat unskilled. (-1 Apt) [Ru
                  | sacrifice]
 15010 | D:11     | Reduced skill Fighting to level 10
 15010 | D:11     | Reduced skill Evocations to level 5
 15010 | D:11     | Reached ****** piety under Ru
 15331 | D:11     | Noticed a two-headed ogre
 15334 | D:11     | Killed a two-headed ogre
 15335 | D:11     | Reached XP level 12. HP: 101/106 MP: 9/16
 15380 | D:11     | Noticed Snorg
 15382 | D:11     | Reached skill level 5 in Dodging
 15386 | D:11     | Killed Snorg
 15502 | D:11     | Noticed Urug
 15515 | D:11     | HP: 4/80 [Urug/+1 great mace of draining (2)]
 15516 | D:11     | Killed Urug
 16161 | D:12     | Found Icacoc's Distillery.
 16167 | D:12     | Bought a potion of haste for 180 gold pieces
 16167 | D:12     | Bought a potion of heal wounds for 90 gold pieces
 16229 | D:12     | Noticed turdburglar's ghost (journeyman HOFi)
 16232 | D:12     | Noticed a six-headed hydra
 16235 | D:12     | Noticed a two-headed ogre
 16235 | D:12     | Noticed a frost giant
 16323 | D:12     | Noticed a two-headed ogre
 16325 | D:12     | Found Votzuon's Weapon Boutique.
 16329 | D:12     | Killed a two-headed ogre
 16434 | D:12     | Found Tucou's Magic Scroll Shop.
 16437 | D:12     | Bought a scroll of fear for 49 gold pieces
 16437 | D:12     | Bought a scroll of enchant armour for 105 gold pieces
 16437 | D:12     | Bought a scroll of teleportation for 42 gold pieces
 16638 | D:12     | Found a staircase to the Orcish Mines.
 16710 | D:12     | Noticed a death knight
 16822 | D:12     | Found a runed translucent gate.
 16822 | D:12     | Found a runed translucent gate.
 16822 | D:12     | Found a runed translucent gate.
 17094 | D:13     | Noticed a centaur warrior
 17105 | D:13     | Killed a centaur warrior
 17131 | D:13     | Reached XP level 13. HP: 98/112 MP: 9/17
 17313 | D:13     | Found a white marble altar of Elyvilon.
 17313 | D:13     | Noticed Azrael
 17316 | D:13     | Killed Azrael
 18045 | D:10     | Killed firemarshallily's ghost
 18046 | D:10     | Reached skill level 10 in Long Blades
 18124 | D:10     | Got the Collected Works on Stones
 18316 | D:12     | Reached skill level 10 in Armour
 18662 | Lair:1   | Entered Level 1 of the Lair of Beasts
 23122 | Lair:2   | You fall into a shaft and drop 2 floors!
 23298 | Lair:4   | Found a runed translucent door.
 23464 | Lair:3   | Noticed Fannar
 23484 | Lair:3   | Killed Fannar
 24186 | Lair:2   | Reached skill level 11 in Fighting
 24223 | Lair:2   | Found the ring of the Octopus King
 24318 | Lair:2   | Identified a ring of the Octopus King {AC+1 EV+1 Str+1
                  | Int+1 Dex+1 SInv}
 24499 | Lair:2   | Reached XP level 14. HP: 124/124 MP: 18/18
 24602 | Lair:2   | Reached skill level 10 in Dodging
 24784 | Lair:2   | Identified the +1 robe of Efachite {rC+++ Will- Str+10
                  | Stlth-}
 24902 | Lair:2   | Found a hole to the Spider Nest.
 25308 | Lair:4   | Found a staircase to the Shoals.
 25868 | Lair:4   | Found a glowing silver altar of Zin.
 26203 | Lair:4   | Identified the +5 spear of Freehold {vorpal, Will++ SInv}
 26203 | Lair:4   | Noticed jimbles's ghost (journeyman DrCj)
 26553 | Lair:5   | Reached skill level 1 in Throwing
 27214 | Lair:6   | Entered Level 6 of the Lair of Beasts
 27335 | Lair:6   | Reached skill level 5 in Stealth
 27991 | Lair:6   | Found a runed translucent door.
 28037 | Lair:6   | HP: 2/116 [eight-headed hydra (8)]
 28037 | Lair:6   | Mangled by an eight-headed hydra

Illustrated notes

Levels and vault maps discovered:
D:1:      dpeg_arrival_line_fractal, layout_basic,
          shapermc_ecumenical_altar_acropolis
D:2:      layout_rooms, serial_aquarium, aquarium_bridge_square
          [aquarium_subvault_window, aquarium_subvault_bridge,
          aquarium_subvault_bridge, aquarium_subvault_bridge],
          aquarium_window_2, aquarium_window_2, aquarium_window_fake,
          aquarium_view_2e, aquarium_view_2b, aquarium_pool_S
D:3:      layout_loops_ring, ebering_ghost_disaster_area,
          gup_sewer_entry_spiral, uniq_natasha, uniq_terence, uniq_sigmund
D:4:      layout_basic, minmay_temple_entry_enclosed_plants
D:5:      layout_loops_ring, serial_rivers, chequers_serial_rivers_micro_e,
          chequers_serial_rivers_large_b, chequers_serial_rivers_micro_d,
          chequers_serial_rivers_micro_e, chequers_serial_rivers_small_b,
          minmay_manual_mess
D:6:      layout_gridville
D:7:      hellmonk_crumbling_castle, layout_layer_cave, enter_bailey_5,
          david_defended_altar_orc
D:8:      layout_loops_corners, minmay_increasing_density
D:9:      layout_loops_ring, marbit_many_paths, uniq_harold
D:10:     layout_long_grid, hellmonk_ghost_big_iron
D:11:     layout_irregular_city, minmay_lair_entry_grove, uniq_snorg, uniq_urug
D:12:     layout_roguey, erik_orc_3, gammafunk_ghost_split, serial_shops,
          nicolae_stop_n_shop_1, kennysheep_little_box, kennysheep_mini_moat
D:13:     layout_basic, elyvilon_altar_5, uniq_azrael
Temple:   mainiacjoe_temple_circle_huts
Lair:1:   layout_loops_ring, minmay_lair_oklob_bushes, serial_bayou_shore_b
Lair:2:   layout_loops_ring, nicolae_spider_entry_orb_guardian
Lair:3:   layout_hall_layers, uniq_fannar
Lair:4:   layout_hall_layers, elwin_shoals_entry_rooms,
          ebering_ghost_funeral_grove, nicolae_lair_grove_arrangements,
          lemuel_oklob_altar
Lair:5:   layout_roguey, hibernation_bobbens
Lair:6:   minmay_lair_end_frog_pond, layout_misc_corridors, slime_altar_2,
          chequers_serial_rivers_room_b, uniq_nessos

Skill      XL: |  1  2  3  4  5  6  7  8  9 10 11 12 13 14 |
---------------+-------------------------------------------+-----
Armour         | 1 2 3 5 6 8 9 9 10 | 10.7
Fighting       | 4 5 7 9 10 10 11 | 11.1
Long Blades    | 3 4 5 6 8 9 9 10 | 10.9
Shields        | 1 2 0 |  0.0
Evocations     | 5 5 7 9 |  9.0
Spellcasting   | 2 |  2.6
Dodging        | 4 9 10 | 10.1
Stealth        | 7 |  7.0
Throwing       | 2 |  2.7
Axes           | |  4.0

Action                   |  1- 3 |  4- 6 |  7- 9 | 10-12 | 13-15 || total
-------------------------+-------+-------+-------+-------+-------++-------
Melee: Hand axe          |    66 |       |       |       |       ||    66
       Punch             |     3 |       |       |       |       ||     3
       Long sword        |    31 |    76 |   278 |   397 |   655 ||  1437
       Headbutt          |       |       |       |    33 |   164 ||   197
Throw: Dart              |       |     6 |     3 |     4 |     7 ||    20
Invok: Sacrifice a Hand  |       |       |     1 |       |       ||     1
       Power Leap        |       |       |     4 |    19 |    28 ||    51
       Sacrifice Arcana  |       |       |     1 |       |       ||     1
       Apocalypse        |       |       |       |    10 |     6 ||    16
       Sacrifice Love    |       |       |       |     1 |       ||     1
       Sacrifice Skill   |       |       |       |     1 |       ||     1
Evoke: Condenser vane    |       |       |       |     1 |     1 ||     2
       Wand              |       |       |       |     5 |    10 ||    15
  Use: Scroll            |     4 |     1 |    10 |     9 |     5 ||    29
       Potion            |     3 |     1 |    14 |     4 |     8 ||    30
 Stab: Sleeping          |     4 |     1 |       |       |       ||     5
       Invisible         |     1 |       |     4 |     2 |     6 ||    13
       Distracted        |       |       |     2 |       |     6 ||     8
       Paralysed         |       |       |       |    11 |    18 ||    29
       Petrifying        |       |       |       |       |     2 ||     2
       Petrified         |       |       |       |       |     1 ||     1
Armor: Robe              |    32 |       |       |       |   125 ||   157
       Ring mail         |     4 |    41 |     3 |       |       ||    48
       Plate armour      |       |       |   237 |   229 |       ||   466
       Skin              |       |       |     4 |       |       ||     4
       Troll leather arm |       |       |       |    70 |   130 ||   200
Dodge: Dodged            |   104 |    33 |    88 |   231 |   608 ||  1064
Block: Kite shield       |       |    19 |    35 |       |       ||    54
       Other             |       |       |       |       |    49 ||    49
